AoeStats
← willrhyd

Nomad

509629791Analyzed
4v4 RM · 5d ago on Sep 27, 2026· 37m 45s· 8 players
Game mode
Random Map
Map size
231×231
Population
200
Speed
Normal
Resources
Standard
Victory
Conquest
Starting age
Dark Age
Ending age
Imperial Age
RankedLock teamsTeams togetherTeam positionsShared explorationLock speedFull tech treeHidden civsTurbo modeCheats
Victory
Defeat
🇨🇳 Italians · China
1437
+17
🇨🇳 Persians · China
1407
+18
🇨🇳 Koreans · China
1380
+19
🇨🇳 Malians · China
1380
+19
🇧🇷 Varangians · Brazil
1517
-20
🇬🇧 Vietnamese · United Kingdom
1440
-18
🇯🇵 Britons · Japan
1434
-18
🇧🇷 Dravidians · Brazil
1416
-17
willrhyd
5:05 Loom
12:22 Feudal Age
12:57 Double-Bit Axe
17:56 Castle Age
15:51 Fishing Lines
17:51 Gold Mining
18:50 Bow Saw
18:52 Medium Warships
19:04 Gillnets
20:37 Clinker Construction
22:41 Wheelbarrow
22:48 Careening
25:42 Hand Cart
26:22 Fletching
30:16 Imperial Age
29:58 Padded Archer Armor
29:53 Bodkin Arrow
30:20 Ballistics
32:15 Chemistry
31:57 Heavy Warships
32:19 Bracer
34:22 Dry Dock
35:39 Elite Rattan Archer
SeiyaPegasus
8:03 Loom
12:19 Feudal Age
16:10 Castle Age
15:07 Double-Bit Axe
15:47 Fishing Lines
18:42 Bow Saw
19:08 Town Watch
20:20 Horse Collar
26:00 Heavy Plow
26:39 Wheelbarrow
26:18 Gold Mining
27:30 Scale Barding Armor
27:47 Husbandry
27:57 Bloodlines
28:52 Bloodlines
30:57 Stone Mining
32:02 Hand Cart
33:34 Chain Barding Armor
33:25 Forging
34:10 Fletching
37:49 Imperial Age
36:03 Stone Shaft Mining
36:25 Bodkin Arrow
sada-aki
5:56 Loom
12:54 Feudal Age
13:47 Double-Bit Axe
16:26 Fletching
16:51 Gold Mining
30:53 Castle Age
31:03 Crossbowman
31:42 Bodkin Arrow
31:48 Padded Archer Armor
33:10 Ballistics
33:47 Leather Archer Armor
Tex_T_Fode
5:15 Loom
13:28 Feudal Age
17:47 Castle Age
15:54 Double-Bit Axe
17:06 Stone Mining
18:32 Horse Collar
19:06 Bow Saw
19:25 Gold Mining
20:50 Fishing Lines
23:02 Scale Mail Armor
23:15 Fletching
24:41 Chain Mail Armor
25:43 Wheelbarrow
25:41 Heavy Plow
25:46 Squires
34:21 Imperial Age
32:27 Forging
33:34 Hand Cart
34:13 Iron Casting
33:13 Pikeman
34:09 Gambesons
34:11 Arson
35:26 Conscription
36:33 Blast Furnace
36:36 Plate Mail Armor
36:42 Halberdier
liboruc112
5:17 Loom
12:19 Feudal Age
16:50 Castle Age
15:17 Double-Bit Axe
17:05 Stone Mining
18:03 Bow Saw
20:09 Gold Mining
23:49 Gold Shaft Mining
23:04 Fishing Lines
24:06 Scale Mail Armor
24:12 Squires
24:07 Horse Collar
25:53 Heavy Plow
26:32 Arson
28:11 Wheelbarrow
28:32 Chain Mail Armor
28:11 Town Watch
30:18 Hand Cart
31:49 Treadmill Crane
32:20 Masonry
32:21 Forging
34:26 Ballistics
36:48 Imperial Age
37:08 Stone Shaft Mining
我的游侠住你家
5:13 Loom
12:44 Feudal Age
13:53 Double-Bit Axe
19:08 Castle Age
18:01 Fishing Lines
18:36 Horse Collar
20:10 Medium Warships
21:32 Bow Saw
23:45 Heavy Plow
25:24 Gold Mining
31:42 Stone Mining
31:44 Fletching
36:06 Imperial Age
34:11 Ballistics
34:21 Bodkin Arrow
35:13 Wheelbarrow
36:43 Hand Cart
37:07 Gold Shaft Mining
36:51 Bracer
37:25 Siege Engineers
38:23 Chemistry
37:29 Town Watch
xylrtmy
5:26 Loom
13:41 Feudal Age
15:42 Double-Bit Axe
16:28 Horse Collar
18:56 Castle Age
17:25 Scale Barding Armor
18:35 Forging
18:46 Bloodlines
20:18 Bow Saw
24:36 Wheelbarrow
26:03 Chain Barding Armor
27:13 Gold Mining
28:47 Hand Cart
33:54 Imperial Age
32:21 Gold Shaft Mining
31:53 Husbandry
35:03 Plate Barding Armor
33:50 Cavalier
36:21 Iron Casting
37:01 Savar
37:36 Stone Mining
39:12 Blast Furnace
riverzlc
13:22 Feudal Age
14:07 Double-Bit Axe
14:06 Fishing Lines
15:20 Gold Mining
16:12 Wheelbarrow
21:28 Castle Age
19:14 Loom
19:40 Stone Mining
20:06 Fletching
22:14 Bodkin Arrow
22:35 Medium Warships
22:16 Gillnets
22:38 Bow Saw
26:50 Ballistics
32:33 Imperial Age
32:05 Padded Archer Armor
34:14 Stone Shaft Mining
34:58 Heavy Warships
35:55 Horse Collar
37:38 Heavy Plow
Connection lost

Rejoining the realm…

Still unreachable

The connection could not be restored.

Session expired

The server has moved on; the page needs a fresh start.